cohdb
Replays
Latest Replays
All Replays
Popular Replays
Top Player Replays
Match Explorer
How It Works
Community
CoH3 Stats
Reddit
Sign in to upload your games and track your stats! →
Sign in with Steam
Match 41453848
Unlisted
Match 41453848
Overview
Messages
Build Orders
End
Kettenkrad Recon Vehicle
Construct Infanterie Kompanie
Selects Terror Battlegroup
MG 42 Machine Gun Team
Grenadier Squad
Grenadier Squad
Selects Machine Gun Camouflage
Grenadier Squad
Selects Contempt for the Weak
Construct Panzergrenadier Kompanie
251 Medium Carrier
Support Elements
StuG III G Assault Gun
StuG III G Assault Gun
Selects No Quarter
Panzergrenadier Squad
Fornost
Dave
DepictedTime
The White Mandingo
Crimson Shogun
Demigore
0
0
Comments
sign in to comment!
No comments posted yet!